 Dungeon Crawl Stone Soup version 0.16.1 (webtiles) character file.

17319 Raurakos the Carver (level 12, -4/77 HPs)
             Began as a High Elf Wizard on Mar 23, 2015.
             Was a High Priest of Sif Muna.
             Slain by a crocodile (13 damage)
             ... on level 3 of the Lair of Beasts.
             The game lasted 02:31:11 (20022 turns).

Raurakos the Carver (High Elf Wizard)              Turns: 20022, Time: 02:31:11

Health: -4/77      AC: 12    Str: 13    XL:     12   Next: 17%
Magic:  30/31      EV: 18    Int: 24    God:    Sif Muna [*****.]
Gold:   829        SH:  0    Dex: 18    Spells: 7 memorised, 12 levels left

rFire  + . .     SeeInvis .     a - +2 demon blade (elec)
rCold  + . .     Clarity  .     J - +2 robe "Zyhoxken" {rC+ Str+3}
rNeg   . . .     SustAb   .     (no shield)
rPois  .         Gourm    .     g - +2 helmet
rElec  .         Spirit   .     L - +2 cloak {MR+}
rCorr  .         Warding  .     i - +1 pair of gloves {rF+}
rMut   .         Stasis   .     (no boots)
MR     ++...                    (no amulet)
Stlth  ++........               x - ring of wizardry
                                y - +4 ring of strength (curse)

@: repel missiles, very resistant to hostile enchantments, unstealthy
A: no striking features
a: Channel Energy, Forget Spell, Renounce Religion


You were on level 3 of the Lair of Beasts.
You worshipped Sif Muna.
Sif Muna was extremely pleased with you.
You were very hungry.

You visited 3 branches of the dungeon, and saw 15 of its levels.
You also visited: Labyrinth and Volcano.

You collected 923 gold pieces.
You spent 94 gold pieces at shops.

Inventory:

Hand weapons
 a - a +2 demon blade of electrocution (weapon)
 b - the +7 quick blade "Fajat" {pierce, +Blink rF- Int+9}
   (You found it in a labyrinth)

   It inflicts extra damage upon your enemies.
   It affects your intelligence (+9).
   It makes you vulnerable to fire.
   It lets you blink.
Armour
 g - a +2 helmet (worn)
 i - a +1 pair of gloves of fire resistance (worn)
 J - the +2 robe "Zyhoxken" (worn) {rC+ Str+3}
   (You found it on level 3 of the Lair of Beasts)

   It affects your strength (+3).
   It protects you from cold.
 L - a +2 cloak of magic resistance (worn)
Jewellery
 v - an uncursed ring of protection from cold
 x - a ring of wizardry (right hand)
 y - a cursed +4 ring of strength (left hand)
 A - an uncursed ring of teleportation
 U - an uncursed ring of flight
Magical devices
 e - a wand of disintegration (12)
 k - a wand of slowing (33)
 o - a wand of digging (7)
 r - a wand of enslavement (0)
 N - a wand of paralysis (13)
Scrolls
 c - 2 scrolls of fear
 j - a scroll of blinking
 n - 2 scrolls of fog {unknown}
 t - 2 scrolls of noise {unknown}
 B - 2 scrolls of random uselessness {unknown}
 C - 5 scrolls of remove curse
 D - a scroll of enchant weapon {unknown}
 G - a scroll of summoning {unknown}
 M - 2 scrolls of magic mapping
 P - 2 scrolls of teleportation
 T - a scroll of silence {unknown}
Potions
 h - a potion of agility
 l - a potion of might
 p - a potion of brilliance
 q - 3 potions of restore abilities
 z - a potion of beneficial mutation {unknown}
 F - 3 potions of curing
 H - a potion of poison {unknown}
 I - a potion of heal wounds {unknown}
 K - a potion of cancellation {unknown}
 Z - a potion of cure mutation {unknown}
Comestibles
 d - 10 bread rations
 f - a meat ration


   Skills:
 - Level 5.0 Fighting
 + Level 12.1 Long Blades
 - Level 2.0 Armour
 - Level 8.0 Dodging
 - Level 2.1 Stealth
 - Level 9.0 Spellcasting
 - Level 10.1 Conjurations
 * Level 3.0 Hexes
 - Level 5.0 Charms
 - Level 3.0 Summonings
 - Level 4.1 Translocations
 - Level 4.0 Air Magic
 - Level 2.0 Poison Magic
 - Level 1.2 Invocations
 - Level 1.0 Evocations


You had 12 spell levels left.
You knew the following spells:

 Your Spells              Type           Power        Failure   Level  Hunger
a - Magic Dart            Conj           ####         1%          1    None
b - Blink                 Tloc           N/A          1%          2    None
c - Call Imp              Summ           ####....     1%          2    None
d - Repel Missiles        Chrm/Air       ####..       1%          2    None
e - Mephitic Cloud        Conj/Pois/Air  #####...     1%          3    None
f - Summon Butterflies    Summ           ####....     1%          1    None
i - Invisibility          Hex            ####....     93%         6    ######.


Dungeon Overview and Level Annotations

Branches:
Dungeon (10/15)            Temple (1/1) D:4            Lair (4/8) D:10
  Swamp (0/5) Lair:4          Orc (0/4) D:9
  Snake: Lair:3-6    Spider: Lair:3-6

Altars:
Ashenzari
Cheibriados
Dithmenos
Elyvilon
Fedhas
Gozag
Kikubaaqudgha
Makhleb
Nemelex Xobeh
Okawaru
Qazlal
Ru
Sif Muna
Trog
Vehumet
Xom
Yredelemnul
Zin
The Shining One

Shops:
D:4 *

Annotations:
D:5 Prince Ribbit
D:6 SaintRoka's ghost, experienced HOFE
Lair:1 exclusion: hydra
Lair:2 exclusion: oklob plant


Message History

Press: ? - help, v - describe, . - travel
Here: a giant leech (heavily wounded)
The floor.
Your crimson imp barely misses the giant leech.
Your crimson imp misses the giant leech.
Your crimson imp blinks!
Your crimson imp blinks!
You are feeling very hungry.
A crocodile comes into view.
The crocodile barely misses you.
There is a stone staircase leading up, spattered with blood here.
The crocodile bites you!
* * * LOW HITPOINT WARNING * * *
You climb upwards.
There is a stone staircase leading down here.
Casting: Blink
Confirm with . or Enter, or press ? or * to list all spells.
You blink.
The crocodile bites you!
You die...

..........####
..####.....#.###
...###......##.#
#####..........###
# #.......#.#...##
##.....#######.#
##....# #..##
####.# #...# ###
##@.## ##t### ##
###..# .# ##...##
.## ##...## ..#
#.....# ..#
##....## .##
#.....# .# ###..>#


You could see a crocodile.

Vanquished Creatures
  A hydra (Lair:4)
  A sun demon (Volcano)
  4 hill giants (D:10)
  Pikel (D:6)
  Joseph (D:9)
  3 spiny frogs
  A centaur skeleton (D:10)
  A molten gargoyle (Volcano)
  A red devil (Volcano)
  2 fire drakes
  5 blink frogs
  A spriggan (D:10)
  2 wyverns
  A fire bat (Volcano)
  16 yaks
  A deep elf fighter (D:10)
  3 hungry ghosts
  5 hippogriffs
  3 water moccasins
  Edmund (D:6)
  2 hell hounds (Volcano)
  An ice beast (D:8)
  6 porcupines
  3 sky beasts
  4 slaves
  7 ogres
  2 orc warriors
  A centaur (D:10)
  5 crocodiles
  A big kobold (D:7)
  14 giant frogs
  A scorpion (D:8)
  2 lava snakes (Volcano)
  6 crimson imps
  4 killer bees (D:9)
  4 wights (D:6)
  3 centaur zombies
  A goliath beetle (D:6)
  6 hounds
  2 jellies (D:8)
  A quasit (D:9)
  7 orc priests
  10 iguanas
  A giant frog skeleton (D:7)
  7 orc wizards
  Natasha (twice) (D:5)
  An iron imp (D:8)
  3 worker ants
  A killer bee zombie (D:7)
  7 sheep (Lair:2)
  A mummy (D:9)
  A worker ant zombie (D:10)
  15 adders
  A gnoll (D:3)
  16 river rats
  2 shadow imps
  A giant mite (D:2)
  A worm (D:1)
  2 adder zombies
  An adder skeleton (D:4)
  2 oozes (D:4)
  25 orcs
  3 ball pythons
  2 bat skeletons (D:4)
  11 hobgoblins
  13 jackals
  24 kobolds
  19 bats
  5 giant cockroaches
  2 giant newts (D:1)
  A giant spore (D:9)
  10 goblins
  13 quokkas
  17 rats
  2 ballistomycetes (D:9)
359 creatures vanquished.

Vanquished Creatures (collateral kills)
  A komodo dragon (Lair:2)
  A basilisk (Lair:1)
  2 hungry ghosts (Lab)
  A water moccasin (Lair:2)
  An ice beast (D:6)
  3 ogres
  A necrophage (D:7)
  A sky beast (D:8)
  2 centaurs
  2 giant frogs
  A giant frog zombie (D:6)
  A worker ant (D:8)
  A sheep (Lair:2)
  Jessica (D:2)
  A mummy (D:6)
  Natasha (D:5)
  4 orcs
  A bat skeleton (D:4)
  A bat (D:8)
  A giant newt (D:6)
  A rat (D:3)
29 creatures vanquished.

Vanquished Creatures (others)
  7 crimson imps
  2 iron imps
  An orc wizard (D:9)
  4 white imps
  4 shadow imps
  An orc (D:9)
19 creatures vanquished.

Grand Total: 407 creatures vanquished

Notes
Turn   | Place    | Note
--------------------------------------------------------------
     0 | D:1      | Raurakos, the High Elf Wizard, began the quest for the Orb.
     0 | D:1      | Reached XP level 1. HP: 11/11 MP: 5/5
   337 | D:1      | Reached XP level 2. HP: 17/17 MP: 1/7
   398 | D:1      | Learned a level 2 spell: Blink
   401 | D:1      | Learned a level 2 spell: Call Imp
   404 | D:1      | Learned a level 2 spell: Repel Missiles
  1005 | D:1      | Reached skill level 1 in Summonings
  1019 | D:1      | Reached XP level 3. HP: 13/21 MP: 1/10
  1198 | D:2      | Noticed Jessica
  1223 | D:2      | Killed Jessica
  1298 | D:2      | Found a glowing silver altar of Zin.
  1620 | D:2      | Found a sparkling altar of Nemelex Xobeh.
  1800 | D:3      | Reached XP level 4. HP: 27/27 MP: 11/13
  1911 | D:3      | Learned a level 3 spell: Mephitic Cloud
  2190 | D:3      | Found a snail-covered altar of Cheibriados.
  2500 | D:3      | Reached skill level 1 in Air Magic
  2573 | D:4      | Found Klol's Assorted Antiques.
  2594 | D:4      | Bought a long sword for 94 gold pieces
  2689 | D:4      | Reached skill level 1 in Long Blades
  2689 | D:4      | Reached XP level 5. HP: 26/31 MP: 9/14
  2954 | D:4      | Got a steaming whip
  2955 | D:4      | Identified the cursed +3 whip "Zoxohih" {venom, Contam rF- rC+ MR++ Int+3} (You found it on level 4 of the Dungeon)
  3069 | D:4      | Noticed an ogre
  3248 | D:4      | Killed an ogre
  3248 | D:4      | Reached XP level 6. HP: 36/36 MP: 0/17
  3391 | D:4      | Found a staircase to the Ecumenical Temple.
  3402 | Temple   | Entered the Ecumenical Temple
  3562 | Temple   | Became a worshipper of Sif Muna the Loreminder
  3739 | D:5      | Entered Level 5 of the Dungeon
  3805 | D:5      | Found a shimmering altar of Xom.
  4000 | D:5      | Noticed Natasha
  4009 | D:5      | Killed Natasha
  4009 | D:5      | Reached skill level 4 in Air Magic
  4094 | D:5      | Noticed Natasha
  4099 | D:5      | Killed Natasha
  4128 | D:5      | Reached skill level 1 in Charms
  4237 | D:5      | Noticed Natasha
  4241 | D:5      | Killed Natasha
  4590 | D:5      | Reached XP level 7. HP: 41/41 MP: 7/19
  5202 | D:5      | Reached skill level 5 in Long Blades
  5299 | D:5      | Noticed Prince Ribbit
  5575 | D:5      | Reached skill level 1 in Poison Magic
  5850 | D:4      | Acquired Sif Muna's first power
  5850 | D:4      | Reached skill level 6 in Long Blades
  5932 | D:6      | Noticed Edmund
  6145 | D:6      | Reached XP level 8. HP: 37/46 MP: 16/20
  6275 | D:6      | Noticed Pikel
  6327 | D:6      | Killed Edmund
  6556 | D:6      | Reached skill level 7 in Long Blades
  7059 | D:6      | Noticed SaintRoka's ghost (experienced HOFE)
  7089 | D:6      | Found an ancient bone altar of Kikubaaqudgha.
  7093 | D:6      | Found a shattered altar of Ashenzari.
  7093 | D:6      | Found a snail-covered altar of Cheibriados.
  7106 | D:6      | Found a burning altar of Makhleb.
  7109 | D:6      | Found an iron altar of Okawaru.
  7728 | D:6      | Reached skill level 5 in Conjurations
  8050 | D:6      | Killed Pikel
  8050 | D:6      | Acquired Sif Muna's second power
  8050 | D:6      | Reached skill level 5 in Dodging
  8050 | D:6      | Reached XP level 9. HP: 51/51 MP: 7/21
  9555 | D:7      | Found an opulent altar of Gozag.
  9555 | D:7      | Found a stormy altar of Qazlal.
 10029 | D:8      | Reached skill level 1 in Fighting
 10029 | D:8      | Reached skill level 5 in Spellcasting
 10774 | D:8      | Found a sacrificial altar of Ru.
 10841 | D:8      | Reached skill level 1 in Evocations
 10996 | D:9      | Reached skill level 1 in Invocations
 11217 | D:9      | Found a glowing golden altar of the Shining One.
 11283 | D:9      | Found a staircase to the Orcish Mines.
 11530 | D:9      | Noticed Joseph
 11559 | D:9      | Reached skill level 1 in Armour
 11766 | D:9      | Reached XP level 10. HP: 48/63 MP: 23/27
 12871 | D:9      | Killed Joseph
 12871 | D:9      | Reached skill level 5 in Charms
 12997 | D:10     | Entered Level 10 of the Dungeon
 12997 | D:10     | Noticed a hill giant
 13208 | D:10     | Reached skill level 8 in Long Blades
 13448 | D:10     | Noticed a hill giant
 13471 | D:10     | Killed a hill giant
 13658 | D:10     | Found a staircase to the Lair.
 13697 | D:10     | Reached skill level 9 in Long Blades
 13732 | D:10     | Reached skill level 5 in Fighting
 13785 | D:10     | Killed a hill giant
 13804 | D:10     | Noticed a hill giant
 13835 | D:10     | Killed a hill giant
 13835 | D:10     | Acquired Sif Muna's third power
 13936 | D:10     | Noticed a hill giant
 13961 | D:10     | Killed a hill giant
 13961 | D:10     | Reached XP level 11. HP: 50/71 MP: 8/28
 14108 | Lair:1   | Entered Level 1 of the Lair of Beasts
 14766 | Lair:1   | Noticed a four-headed hydra
 15032 | Lair:2   | Found a dark tunnel.
 15194 | Volcano  | Entered a volcano
 15439 | Volcano  | Found a radiant altar of Vehumet.
 15439 | Volcano  | Noticed a sun demon
 15443 | Volcano  | Killed a sun demon
 15443 | Volcano  | Reached skill level 10 in Conjurations
 15826 | Volcano  | Learned a level 1 spell: Summon Butterflies
 15957 | Lair:2   | Reached skill level 10 in Long Blades
 16109 | Lair:2   | Found a stormy altar of Qazlal.
 16866 | Lair:2   | Reached skill level 11 in Long Blades
 17210 | Lair:2   | Noticed a six-headed hydra
 17271 | Lair:3   | Got a smoking robe
 17282 | Lair:3   | Identified the +2 robe "Zyhoxken" {rC+ Str+3} (You found it on level 3 of the Lair of Beasts)
 17382 | Lair:3   | Found a labyrinth entrance.
 17394 | Lab      | Entered a labyrinth
 17987 | Lab      | Noticed a minotaur
 18024 | Lab      | Got a crude quick blade
 18024 | Lab      | Got a heavy robe
 18210 | Lair:3   | Identified the +0 robe of Broken Taboos {Dex+3} (You found it in a labyrinth)
 18352 | Lair:3   | Identified the +7 quick blade "Fajat" {pierce, +Blink rF- Int+9} (You found it in a labyrinth)
 18665 | Lair:3   | Noticed a catoblepas
 19268 | Lair:4   | Reached XP level 12. HP: 77/77 MP: 26/31
 19398 | Lair:1   | Learned a level 6 spell: Invisibility
 19484 | Lair:4   | Reached skill level 1 in Hexes
 19584 | Lair:4   | Noticed a six-headed hydra
 19722 | Lair:4   | Reached skill level 12 in Long Blades
 19792 | Lair:4   | Killed a six-headed hydra
 19947 | Lair:4   | Found a staircase to the Swamp.
 20022 | Lair:3   | Slain by a crocodile

Action                   |  1- 3 |  4- 6 |  7- 9 | 10-12 || total
-------------------------+-------+-------+-------+-------++-------
Melee: Unarmed           |     5 |       |       |       ||     5
       Whip              |    10 |     3 |       |       ||    13
       Dagger            |       |     7 |       |       ||     7
       Long sword        |       |    47 |     4 |       ||    51
       Scimitar          |       |       |   186 |    10 ||   196
       Falchion          |       |       |       |    87 ||    87
       Great sword       |       |       |       |   343 ||   343
       Demon blade       |       |       |       |    52 ||    52
Throw: Stone             |     3 |     1 |       |       ||     4
 Cast: Magic Dart        |    67 |   147 |   346 |   409 ||   969
       Repel Missiles    |     1 |       |     1 |       ||     2
       Call Imp          |     2 |     9 |    52 |    57 ||   120
       Mephitic Cloud    |       |    19 |    52 |    60 ||   131
       Blink             |       |     3 |    15 |    12 ||    30
       Summon Butterflie |       |       |       |     1 ||     1
Invok: Channel Energy    |       |       |    15 |    10 ||    25
Evoke: Wand              |       |       |     7 |     9 ||    16
  Use: Scroll            |       |    12 |     5 |     6 ||    23
       Potion            |       |       |     1 |     4 ||     5
 Stab: Confused          |       |     1 |     8 |    19 ||    28
       Distracted        |       |       |     2 |     5 ||     7
       Sleeping          |       |       |       |     2 ||     2
       Invisible         |       |       |       |     1 ||     1
  Eat: Chunk             |     2 |    11 |    16 |    25 ||    54
       Beef jerky        |       |       |     1 |       ||     1
       Meat ration       |       |       |     2 |     1 ||     3
       Pizza             |       |       |     1 |       ||     1
       Fruit             |       |       |     1 |     2 ||     3
